 Dungeon Crawl Stone Soup version 0.30-a0-793-g160f7cfddd (webtiles) character file.

Game seed: 634097579448433488

73 cheesebisquit the Trooper (level 4, 40/40 HPs)
             Began as a Hill Orc Fighter on Feb 19, 2023.
             Quit the game on level 2 of the Dungeon.
             The game lasted 00:03:17 (734 turns).

cheesebisquit the Trooper (Hill Orc Fighter)         Turns: 734, Time: 00:03:17

Health: 40/40      AC:  7    Str: 20    XL:     4   Next: 27%
Magic:  4/4        EV: 14    Int:  8    God:
Gold:   55         SH:  5    Dex: 16    Spells: 3/3 levels left

rFire   . . .      SeeInvis .    a - +0 war axe
rCold   . . .      Faith    .    c - +0 buckler
rNeg    . . .      Spirit   .    b - +0 scale mail
rPois   .          Reflect  .    (no helmet)
rElec   .          Harm     .    (no cloak)
rCorr   .          Rampage  .    (no gloves)
Will    .....                    (no boots) Stlth
                                 h - amulet of regeneration
HPRegen 1.06/turn                e - +5 ring of evasion
MPRegen 0.09/turn                g - +6 ring of dexterity

@: no status effects
A: no striking features
a: no special abilities


You were on level 2 of the Dungeon.
You visited 1 branch of the dungeon, and saw 2 of its levels.

You collected 55 gold pieces.

Inventory:

Hand Weapons
 a - a +0 war axe (weapon)
Armour
 b - a +0 scale mail (worn)
 c - a +0 buckler (worn)
Jewellery
 e - a +5 ring of evasion (left hand)
 g - a +6 ring of dexterity (right hand)
 h - an amulet of regeneration (around neck)
Scrolls
 f - a scroll of amnesia {unknown}
 i - a scroll of identify {unknown}
 l - a scroll of enchant armour {unknown}
Potions
 d - a potion of might
 j - a potion of mutation {unknown}
 k - a potion of haste {unknown}


   Skills:
 + Level 4.2 Fighting
 * Level 4.2 Axes
 + Level 3.8 Armour
 + Level 3.8 Shields


You had 3 spell levels left.
You didn't know any spells.
Your spell library contained the following spells:

 Spells                   Type           Power      Damage    Failure   Level
 Magic Dart               Conj           0%         1d3       85%         1
 Call Imp                 Summ           0%         N/A       94%         2
 Dazzling Flash           Conj/Hex       0%         N/A       99%         3
 Mephitic Cloud           Conj/Pois/Air  0%         N/A       99%         3
 Iskenderun's Mystic Bla  Conj/Tloc      0%         2d3       100%        4
 Starburst                Conj/Fire      0%         6d3       100%        6


Dungeon Overview and Level Annotations

Branches:
Dungeon (2/15)

Altars:


Message History

You see here an adder corpse.
You now have 37 gold pieces (gained 14).
An adder comes into view.
An adder is nearby!
The adder hisses angrily.
Found a stone staircase leading down.
The adder bites you but does no damage.
You slash the adder!
The adder is severely wounded.
The adder barely misses you. You block the adder's attack.
You completely miss the adder.
The adder is severely wounded.
The adder bites you.
You are poisoned.
The adder poisons you! The adder misses you.
You hit the adder.
You kill the adder!
You feel sick.
A rat comes into view.
You feel sick.
You feel sick.
You feel sick.
You are no longer poisoned.
You closely miss the rat. The rat bites you but does no damage.
You hit the rat.
You kill the rat!
You see here an adder corpse.
An endoplasm comes into view.
The endoplasm quivers.
You see here 18 gold pieces.
The endoplasm closely misses you.
You slash the endoplasm!
You kill the endoplasm!
No target in view!
You now have 55 gold pieces (gained 18).
A quokka comes into view.
You slash the quokka!
You kill the quokka!
l - a scroll labelled NEKIEPOY QOCONTOY
Found a short sword.
Are you sure you want to abandon this character and quit the game? (Confirm with "yes".)

#.########..# #.........#
#........#..# #.#########
########.#..# #.# #.#..# #.#
#.#... #.# ####.##. #.#
#....##..## #.#
#######.####....#####.#
..........##....@.....#######
#######.#.##.##.########....#
........#.##.... ######.##.#
#............#). #.........#
#.###.#.#.####.####.####.#..#
#.......#.# #.....†# #.#..#
#####.### # #####..# #.#..#
#.# #.#####.....# #.#..#
###.###..........#####.#..#


There were no monsters in sight!

Vanquished Creatures
  4 adders (D:2)
  A worm (D:2)
  4 endoplasms
  3 giant cockroaches (D:1)
  3 goblins
  3 hobgoblins (D:1)
  A quokka (D:2)
  2 ball pythons (D:1)
  4 bats (D:1)
  4 frilled lizards (D:1)
  2 kobolds (D:1)
  4 rats
35 creatures vanquished.

Notes
Turn   | Place    | Note
-------+----------+-------------------------------------------
     0 | D:1      | cheesebisquit the Hill Orc Fighter began the quest for the
                  | Orb.
     0 | D:1      | Reached XP level 1. HP: 19/19 MP: 1/1
   121 | D:1      | Reached XP level 2. HP: 16/27 MP: 2/2
   324 | D:1      | Reached XP level 3. HP: 33/33 MP: 3/3
   651 | D:2      | Reached XP level 4. HP: 40/40 MP: 4/4
   734 | D:2      | Quit the game

Illustrated notes

Levels and vault maps discovered:
D:1:      tarquinn_simple_flora_water_d, layout_rooms, st_stairs_12,
          feat_on_display
D:2:      layout_basic

Skill      XL: |  1  2  3 |
---------------+----------+-----
Axes           | 3 4 |  4.2
Fighting       | 4 |  4.2
Armour         | |  3.8
Shields        | |  3.8

Action                     |  1- 3 |  4- 6 || total
---------------------------+-------+-------++-------
  Melee: War axe           |    70 |     7 ||    77
 Armour: Scale mail        |    22 |     2 ||    24
  Dodge: Dodged            |    41 |     3 ||    44
  Block: Buckler           |    12 |     1 ||    13

Table legend: (Time is in decaauts)
 A = Elapsed time spent in this place.
 B = Non-inter-level travel time spent in this place.
 C = Inter-level travel time spent in this place.
 D = Time resting spent in this place.
 E = Time spent auto-exploring this place.
 F = Levels seen in this place.
 G = Mean time per level.
                   A        B        C        D        E       F      G
               +--------+--------+--------+--------+--------+-----+--------+
         Total |    761 |    749 |     12 |      0 |    528 |   2 |  380.5 |
       Dungeon |    761 |    749 |     12 |      0 |    528 |   2 |  380.5 |
               +--------+--------+--------+--------+--------+-----+--------+

Top non-repeatable levels by time:
     D:1: 482 daAuts
     D:2: 278 daAuts
